 Dungeon Crawl Stone Soup version 0.30.1-3-gfc49f6343a (webtiles) character file.

Game seed: 8335364490193991987

6 BillyBaka the Trooper (level 1, -1/18 HPs)
             Began as a Demonspawn Monk on July 20, 2023.
             Slain by a gnoll
             ... wielding a +0 spear
              (8 damage)
             ... on level 1 of the Dungeon.
             The game lasted 00:02:46 (253 turns).

BillyBaka the Trooper (Demonspawn Monk)              Turns: 253, Time: 00:02:46

Health: -1/18      AC:  2    Str: 11    XL:     1   Next: 75%
Magic:  1/1        EV: 13    Int: 11    God:
Gold:   27         SH:  0    Dex: 15    Spells: 0/0 levels left

rFire   . . .        a - +0 falchion
rCold   . . .        d - orb {light}
rNeg    . . .        b - +0 robe
rPois   .            (no helmet)
rElec   .            (no cloak)
rCorr   .            (no gloves)
SInv    .            (no boots)
Will    .....        (no amulet)
Stlth   +            (no ring)
HPRegen 0.23/turn    (no ring)
MPRegen 0.07/turn

%: no passive effects
@: glowing
A: no striking features
a: no special abilities


You were on level 1 of the Dungeon.
You visited 1 branch of the dungeon, and saw 1 of its levels.

You collected 27 gold pieces.

Inventory:

Hand Weapons
 a - a +0 falchion (weapon)
Armour
 b - a +0 robe (worn)
 d - an orb of light (worn)
Scrolls
 e - a scroll of butterflies {unknown}
 f - a scroll of identify {unknown}
 h - 2 scrolls of teleportation {unknown}
 i - a scroll of brand weapon {unknown}
 j - a scroll of fog {unknown}
Potions
 c - a potion of ambrosia
 g - a potion of brilliance {unknown}


   Skills:
 + Level 3.0 Fighting
 + Level 2.8 Long Blades
 + Level 2.7 Dodging
 + Level 0.3 Stealth
 + Level 0.0 Spellcasting
 + Level 0.1 Conjurations
 + Level 0.0 Fire Magic


You couldn't memorise any spells.
You didn't know any spells.
Your spell library contained the following spells:

 Spells                   Type           Power      Damage    Failure   Level
 Foxfire                  Conj/Fire      0%         2x1d4     34%         1
 Volatile Blastmotes      Fire/Tloc      0%         2d10      71%         3
 Flame Wave               Conj/Fire      0%         2d4       98%         4
 Fireball                 Conj/Fire      0%         3d3       100%        5
 Malign Gateway           Summ/Tloc      0%         N/A       100%        7


Dungeon Overview and Level Annotations

Branches:
Dungeon (1/15)

Altars:


Message History

You slash the rat!
You kill the rat!
You pick up Sif Muna's Folio of the United Pyromaniac and begin reading...
You add the spells Foxfire, Volatile Blastmotes, Flame Wave, Fireball and Malign Gateway to your library.
Okay, then.
Okay, then.
A rat comes into view.
Found a stone staircase leading down.
The rat barely misses you.
You hit the rat.
You kill the rat!
You see here a rat corpse.
i - a scroll labelled MAHETYNWUL
h - 2 scrolls labelled ZIJ CEMILEME (gained 1)
Found 8 stones.
A bat comes into view.
Found a scroll labelled NOWAEQA GIQUGH.
The bat closely misses you.
You hit the bat.
You kill the bat!
j - a scroll labelled NOWAEQA GIQUGH A rat and a gnoll come into view.
The gnoll shouts!
Found a robe.
The rat bites you. The gnoll misses you.
You hit the rat.
The rat is severely wounded.
The rat barely misses you. The gnoll barely misses you.
You barely miss the rat.
The rat is severely wounded.
The rat bites you but does no damage. The gnoll closely misses you.
You hit the rat.
You kill the rat!
The gnoll hits you from afar with a +0 spear.
The gnoll hits you with a +0 spear.
You see here a rat corpse.
You are too injured to fight recklessly!
You hit the gnoll.
The gnoll is heavily wounded.
The gnoll hits you with a +0 spear. The gnoll hits you with a +0 spear!
You die...

# ##.##.# ##..# ... #
#.....####...##.........
###..#
###...#.##........#
.....###...###.##........
.........#####.##..[....
................. .....
†###...#######.. ...#
.##..#.#######.#####..#
.#..##.....(#..#@g.#..#
...# ######.#...#...#.#
.### #....#...#..# .#
####...#####..# .#
#............... .#
##.####........... .##
#..# ####...###.... ..##
###.## #### ....
#..###...# ...


You could see a gnoll.

Vanquished Creatures
  An endoplasm (D:1)
  A hobgoblin (D:1)
  A bat (D:1)
  A kobold (D:1)
  3 rats (D:1)
7 creatures vanquished.

Notes
Turn   | Place    | Note
-------+----------+-------------------------------------------
     0 | D:1      | BillyBaka the Demonspawn Monk began the quest for the Orb.
     0 | D:1      | Reached XP level 1. HP: 18/18 MP: 1/1
   155 | D:1      | Got Sif Muna's Folio of the United Pyromaniac
   253 | D:1      | Slain by a gnoll

Illustrated notes

Levels and vault maps discovered:
D:1:      evilmike_arrival_crescent, layout_rooms, minmay_distorted

Action                     || total
---------------------------++-------
  Melee: Falchion          ||    13
 Armour: Robe              ||     2
  Dodge: Dodged            ||     8
